 Dungeon Crawl Stone Soup version 0.22-a0-136-g83a10e5 (webtiles) character file.

5810 KarmaPolice the Slinger (level 11, 0/70 HPs)
             Began as a Halfling Hunter on Feb 4, 2018.
             Was an Elder of Okawaru.
             Slain by a wraith (4 damage)
             ... on level 10 of the Dungeon.
             The game lasted 00:51:05 (16253 turns).

KarmaPolice the Slinger (Halfling Hunter)          Turns: 16253, Time: 00:51:06

Health: 0/70       AC: 11    Str: 21    XL:     11   Next: 7%
Magic:  16/16      EV: 15    Int:  9    God:    Okawaru [****..]
Gold:   486        SH:  0    Dex: 16    Spells: 10/10 levels left

rFire    . . .     SeeInvis .   x - +2 dagger (freeze)
rCold    . . .     Gourm    .   (shield restricted)
rNeg     . . .     Faith    .   c - +0 leather armour
rPois    .         Spirit   .   v - +0 helmet
rElec    .         Reflect  .   K - scarf {repulsion}
rCorr    .         Harm     .   w - +0 pair of gloves
MR       +....                  J - +0 pair of boots
Stlth    ++........             (no amulet)
HPRegen  0.21/turn              F - +5 ring of protection
MPRegen  0.15/turn              g - ring of protection from magic

@: mighty, hasted and slowed, repel missiles
A: small, mutation resistance 1
a: Heroism, Renounce Religion


You were on level 10 of the Dungeon.
You worshipped Okawaru.
Okawaru was greatly pleased with you.
You were very hungry.

You visited 2 branches of the dungeon, and saw 11 of its levels.
You also visited: Ossuary.

You collected 486 gold pieces.

Inventory:

Hand Weapons
 a - a +1 hunting sling
 p - a +0 blowgun
 x - a +2 dagger of freezing (weapon)
 L - a +1 dagger of venom
Missiles
 d - 125 sling bullets
 e - 231 stones (quivered)
 E - 33 poisoned needles
Armour
 c - a +0 leather armour (worn)
 v - a +0 helmet (worn)
 w - a +0 pair of gloves (worn)
 I - a +0 shield
 J - a +0 pair of boots (worn)
 K - a scarf of repulsion (worn)
Jewellery
 g - a ring of protection from magic (right hand)
 o - an uncursed ring of see invisible
 F - a +5 ring of protection (left hand)
 H - an uncursed ring of fire
Wands
 t - a wand of random effects (11)
 G - a wand of clouds (1)
Scrolls
 b - a scroll of blinking
 h - 3 scrolls of identify
 i - a scroll of silence {unknown}
 j - 4 scrolls of teleportation
 k - 4 scrolls of immolation
 n - 3 scrolls of enchant weapon
 q - a scroll of magic mapping
 s - a scroll of amnesia {unknown}
 u - a scroll of fog {unknown}
 y - 3 scrolls of remove curse
 C - 2 scrolls of enchant armour
Potions
 r - a potion of mutation {unknown}
 z - a potion of brilliance {unknown}
 A - 2 potions of cancellation
 D - 3 potions of agility
Books
 B - a book of Misfortune

   Spells                             Type                      Level
   a - Confusing Touch                Hexes                        1
   b - Confuse                        Hexes                        3
   c - Gell's Gravitas                Translocation                3
   d - Petrify                        Transmutation/Earth          4
   e - Metabolic Englaciation         Hexes/Ice                    5
   f - Yara's Violent Unravelling     Hexes/Transmutation          5
Comestibles
 f - 11 rations


   Skills:
 - Level 4.6 Fighting
 + Level 9.7 Short Blades
 + Level 12.6 Slings
 - Level 2.1 Dodging
 - Level 1.1 Stealth
 + Level 7.1 Invocations
 + Level 7.1 Evocations


You had 10 spell levels left.
You didn't know any spells.

Dungeon Overview and Level Annotations

Branches:
Dungeon (10/15)            Temple (1/1) D:6            Lair (0/6) D:9
    Orc: D:9-12

Altars:
Ashenzari
Cheibriados
Dithmenos
Elyvilon
Fedhas
Gozag
Hepliaklqana
Kikubaaqudgha
Makhleb
Nemelex Xobeh
Okawaru
Qazlal
Ru
Sif Muna
Trog
Uskayaw
Vehumet
Wu Jian
Xom
Yredelemnul
Zin
The Shining One

Shops:
D:5 =   D:6 *   D:9 }

Annotations:
D:3 Raptoricus's ghost, amateur DsBe
D:5 Alarkh's ghost, novice GrEE
D:10 Paulus's ghost, journeyman GrSk


Innate Abilities, Weirdness & Mutations

You are small and have problems with some larger weapons.
You are somewhat resistant to further mutation.


Message History

The wraith drains your vigour!
You feel as though you will be slow longer.
Wield which item (- for none, * to show all)? (? for menu, Esc to quit)
Okay, then.
You feel yourself speed up. The wraith hits you.
* * * LOW HITPOINT WARNING * * *
The wraith drains your vigour!
You feel as though you will be slow longer.
Found a scroll labeled KIQASTIASI.
A centaur comes into view.
Found a scroll of identify.
The wraith hits you but does no damage. The wraith barely misses you.
You see here 2 sling bullets.
You see here a sling bullet.
There is a stone staircase leading up here.
You see here a sling bullet.
You feel very mighty all of a sudden. The wraith hits you.
You die...

.. .# ....... (. .#..
......# (. ...# ..
#..# .. ...####.# #..#
.. #...#..# ..## ..
#.....# #..# ....
#...# #..# #.....
#@W#####..#.......
#.((..............
.......##((...........
#.....####..##..>.....
##...# #..###.......
#... ##.# #......
..... #.# ...... .###
#.# ...... #.# c...?.


You could see a wraith.

Vanquished Creatures
  3 death yaks
  A hornet (D:8)
  The ghost of Daviar the Changer, an amateur OpTm (D:4)
  A wyvern (D:9)
  Menkaure (D:7)
  Duvessa (D:6)
  2 orc warriors
  4 phantoms
  3 sky beasts
  A necrophage (D:8)
  5 ogres
  A centaur (D:9)
  A big kobold (D:8)
  2 bullfrogs
  Dowan (D:6)
  2 scorpions
  A water moccasin skeleton (D:7)
  A howler monkey (D:4)
  A centaur zombie (D:7)
  6 hounds
  A quasit (D:9)
  2 bullfrog zombies
  6 orc wizards
  2 orc priests
  An iron imp (D:9)
  3 jellies
  2 bullfrog skeletons
  A gnoll shaman (D:8)
  An iguana (D:9)
  4 hell rats (D:9)
  6 worker ants
  A killer bee zombie (D:8)
  Robin (D:3)
  6 adders
  A river rat (D:9)
  11 gnolls
  2 shadow imps
  2 adder skeletons
  An adder zombie (D:5)
  A worm (D:6)
  2 dart slugs (D:2)
  6 leopard geckos
  25 orcs
  A ball python (D:5)
  2 giant cockroaches
  17 hobgoblins
  13 jackals
  7 quokkas
  6 bats
  A frilled lizard (D:2)
  9 goblins
  3 goblin skeletons (D:9)
  A goblin zombie (D:9)
  2 hobgoblin zombies (D:9)
  14 kobolds
  3 kobold skeletons (D:9)
  A kobold zombie (D:9)
  3 orc skeletons (D:9)
  An orc zombie (D:9)
  4 rats
215 creatures vanquished.

Notes
Turn   | Place    | Note
-------+----------+-------------------------------------------
     0 | D:1      | KarmaPolice the Halfling Hunter began the quest for the Orb.
     0 | D:1      | Reached XP level 1. HP: 14/14 MP: 1/1
   113 | D:1      | Reached skill level 6 in Slings
   115 | D:1      | Reached XP level 2. HP: 11/19 MP: 2/2
   118 | D:1      | Reached skill level 1 in Short Blades
  1149 | D:2      | Reached XP level 3. HP: 24/24 MP: 3/3
  1363 | D:2      | Found a blossoming altar of Fedhas.
  1888 | D:2      | Reached XP level 4. HP: 30/30 MP: 4/4
  2596 | D:3      | Noticed Raptoricus's ghost (amateur DsBe)
  2805 | D:3      | Reached XP level 5. HP: 19/36 MP: 5/5
  2963 | D:3      | Noticed Robin
  2982 | D:2      | Reached skill level 7 in Slings
  3398 | D:3      | Killed Robin
  3443 | D:3      | Found an ancient bone altar of Kikubaaqudgha.
  3606 | D:3      | Found a radiant altar of Vehumet.
  3648 | D:3      | Found a shimmering altar of Xom.
  3742 | D:3      | Found a stormy altar of Qazlal.
  3742 | D:3      | Found a hide-covered altar of Uskayaw.
  4127 | D:4      | Reached XP level 6. HP: 39/42 MP: 6/6
  4148 | D:4      | Found a sand-covered staircase.
  4156 | Ossuary  | Entered an ossuary
  4331 | D:4      | Noticed a phantom
  4371 | D:4      | Killed a phantom
  4405 | D:4      | Reached skill level 8 in Slings
  4455 | D:4      | Reached XP level 7. HP: 32/47 MP: 7/7
  4595 | D:4      | Found a shadowy altar of Dithmenos.
  4632 | D:4      | Noticed Daviar's ghost (amateur OpTm)
  5288 | D:4      | Killed Daviar's ghost
  5288 | D:4      | Reached skill level 5 in Short Blades
  5288 | D:4      | Reached skill level 1 in Evocations
  5509 | D:5      | Entered Level 5 of the Dungeon
  5768 | D:5      | Noticed Alarkh's ghost (novice GrEE)
  6276 | D:5      | Found Popev's Jewellery Shoppe.
  6309 | D:5      | Reached XP level 8. HP: 48/54 MP: 9/9
  6466 | D:5      | Found a white marble altar of Elyvilon.
  6773 | D:6      | Reached skill level 9 in Slings
  6900 | D:6      | Found Vukkiasm's Assorted Antiques.
  6921 | D:6      | Found a staircase to the Ecumenical Temple.
  6935 | Temple   | Entered the Ecumenical Temple
  7103 | Temple   | Became a worshipper of Warmaster Okawaru
  7274 | D:6      | Reached skill level 1 in Invocations
  7368 | D:6      | Noticed Dowan
  7379 | D:6      | Found an iron altar of Okawaru.
  7379 | D:6      | Noticed Duvessa
  7457 | D:6      | Killed Duvessa
  8389 | D:6      | Killed Dowan
  8548 | D:6      | Found a white marble altar of Elyvilon.
  8557 | D:6      | Found a bloodstained altar of Trog.
  8751 | D:6      | Reached * piety under Okawaru
  9150 | D:6      | Reached XP level 9. HP: 26/59 MP: 11/11
  9669 | D:7      | Reached skill level 10 in Slings
  9927 | D:7      | Noticed Menkaure
 10129 | D:7      | Killed Menkaure
 11102 | D:8      | Noticed a hornet
 11286 | D:8      | Reached skill level 5 in Evocations
 11976 | D:8      | Reached skill level 11 in Slings
 12131 | D:8      | Killed a hornet
 12131 | D:8      | Reached ** piety under Okawaru
 12131 | D:8      | Reached skill level 5 in Invocations
 12131 | D:8      | Reached XP level 10. HP: 60/65 MP: 11/14
 12317 | D:9      | Found Wualalui's Gadget Shop.
 12534 | D:9      | Found a glowing golden altar of the Shining One.
 13434 | D:9      | Found a staircase to the Lair.
 13435 | D:9      | Noticed a death yak
 13436 | D:9      | Noticed a death yak
 14828 | D:10     | Entered Level 10 of the Dungeon
 14877 | D:10     | Noticed Paulus's ghost (journeyman GrSk)
 15201 | D:9      | Noticed a death yak
 15305 | D:9      | Killed a death yak
 15305 | D:9      | Reached *** piety under Okawaru
 15305 | D:9      | Reached skill level 12 in Slings
 15499 | D:8      | Killed a death yak
 15987 | D:8      | Killed a death yak
 15987 | D:8      | Reached **** piety under Okawaru
 15987 | D:8      | Reached XP level 11. HP: 66/70 MP: 16/16
 16241 | D:10     | HP: 1/70 [wraith (6)]
 16253 | D:10     | Slain by a wraith

Vault maps used:
D:1:      minmay_arrival_doors
D:2:      overflow_temple_1_default
D:3:      xom_teletrap_fun, kiku_gazebo_garden_becter, vehumet_crystals,
          gammafunk_temple_overflow_elements, first_ration, uniq_robin
D:4:      nicolae_dithmenos_the_darkroom, lightli_ossuary_entry_decrepit_ruins
D:5:      serial_shops, shop, elyvilon_altar_4
D:6:      minitemple, temple_fountains, serial_shops, nicolae_shop_trees,
          lemuel_tele_altar, uniq_duvessa
D:7:      uniq_menkaure
D:9:      nicolae_tso_besieged_by_evil, dpeg_lair_monsters, serial_shops,
          shop_fountains
D:10:     david_orc_4, basic_altar
Temple:   hc_temple_tempest_star
Ossuary:  ossuary_minmay_tomb_2a

Skill      XL: |  1  2  3  4  5  6  7  8  9 10 |
---------------+-------------------------------+-----
Slings         | 6 7 8 9 11 12 | 12.6
Fighting       | 2 3 4 |  4.6
Short Blades   | 1 2 3 4 5 6 8 9 |  9.7
Evocations     | 1 3 5 7 |  7.1
Invocations    | 2 5 7 |  7.1
Dodging        | |  2.1
Stealth        | |  1.1

Action                   |  1- 3 |  4- 6 |  7- 9 | 10-12 || total
-------------------------+-------+-------+-------+-------++-------
Melee: Short sword       |   147 |    92 |       |       ||   239
       Dagger            |       |    22 |   345 |   235 ||   602
       Rapier            |       |       |     8 |       ||     8
 Fire: Hunting sling     |       |   128 |   293 |   164 ||   585
       Blowgun           |       |       |    45 |    62 ||   107
Throw: Throwing net      |       |       |       |     2 ||     2
Invok: Heroism           |       |       |     1 |       ||     1
Evoke: Wand              |       |       |       |     6 ||     6
  Use: Scroll            |       |     5 |     7 |     1 ||    13
       Potion            |       |       |     2 |     2 ||     4
 Stab: Distracted        |       |       |     1 |       ||     1
       Sleeping          |       |       |     3 |       ||     3
  Eat: Chunk             |     3 |     4 |    14 |     8 ||    29
       Ration            |       |     1 |     3 |     1 ||     5
Armor: Leather armour    |    19 |    45 |    94 |    54 ||   212
Dodge: Dodged            |   110 |   157 |   243 |   124 ||   634

Table legend:
 A = Spawn XP
 B = Non-spawn XP
 C = Spawn XP percentage of total XP
 D = Spawn monster count
 E = Non-spawn monster count
 F = Spawn count percentage of total count
 G = Total turns spent on level
                    A         B        C        D         E        F      G
               +---------+---------+-------+---------+---------+-------+---------
         Total |       0 |    8301 |   0.0 |       0 |     215 |   0.0 | 16253
               +---------+---------+-------+---------+---------+-------+---------
           D:1 |       0 |      27 |   0.0 |       0 |      16 |   0.0 |  1140
           D:2 |       0 |      75 |   0.0 |       0 |      31 |   0.0 |  1970
           D:3 |       0 |      97 |   0.0 |       0 |      17 |   0.0 |  1280
           D:4 |       0 |     653 |   0.0 |       0 |      17 |   0.0 |  1705
           D:5 |       0 |     172 |   0.0 |       0 |      11 |   0.0 |   865
           D:6 |       0 |    1145 |   0.0 |       0 |      30 |   0.0 |  2253
           D:7 |       0 |     687 |   0.0 |       0 |      13 |   0.0 |  1121
           D:8 |       0 |    3070 |   0.0 |       0 |      29 |   0.0 |  2503
           D:9 |       0 |    2375 |   0.0 |       0 |      51 |   0.0 |  3059
               +---------+---------+-------+---------+---------+-------+---------
